 Dungeon Sprint DCSS version 0.19-a0-1493-gd0fcaa6 (webtiles) character file.

21089 poirepourri the Ninja (level 12, 0/51 HPs)
             Began as a Spriggan Enchanter on Sept 9, 2016.
             Was the Champion of Dithmenos.
             Slain by a shadow dragon (5 damage)
             ... in the Dungeon (Sprint I: "Red Sonja").
             The game lasted 00:15:12 (3795 turns).

poirepourri the Ninja (Spriggan Enchanter)          Turns: 3795, Time: 00:15:14

Health: 0/51       AC:  6    Str:  6    XL:     12   Next: 51%
Magic:  25/33      EV: 31    Int: 18    God:    Dithmenos [******]
Gold:   800        SH:  7    Dex: 23    Spells: 9 memorised, 18 levels left

rFire  . . .     SeeInvis +     n - +0 dagger (venom)
rCold  . . .     Gourm    .     z - +1 robe of Qasudd {rPois}
rNeg   . . .     Faith    .     j - +1 buckler {reflect}
rPois  +         Spirit   .     (helmet restricted)
rElec  +         Dismiss  .     q - +2 cloak
rCorr  .         Reflect  +     (gloves unavailable)
MR     ++...     Harm     .     (boots unavailable)
Stlth  ++++++++++ NoTele   +    A - amulet of magic regeneration
                                C - +3 ring of dexterity
                                y - ring "Onaetu" {rElec Str+2 SInv}

@: wreathed by umbra, drained, very quick
A: unfitting armour, see invisible, deterioration 1, herbivore 3, speed 3, slow
metabolism 2, MP-powered wands
a: Shadow Step, Shadow Form, Renounce Religion


You were in the Dungeon.
You worshipped Dithmenos.
Dithmenos was exalted by your worship.
You were full.

You visited 1 branch You collected 2718 gold pieces.
You spent 1918 gold pieces at shops.

Inventory:

Hand Weapons
 a - a +1 dagger
 m - a +0 blowgun
 n - a +0 dagger of venom (weapon)
 s - a +0 shortbow
Missiles
 o - 8 curare-tipped needles
 t - 66 arrows
 B - 17 poisoned needles
Armour
 b - a +1 robe
 j - a +1 buckler of reflection (worn)
 k - a +2 robe
 q - a +2 cloak (worn)
 z - the +1 robe of Qasudd (worn) {rPois}
   (You bought it in a shop in the Dungeon)

   It protects you from poison.
Jewellery
 y - the ring "Onaetu" (left hand) {rElec Str+2 SInv}
   (You bought it in a shop in the Dungeon)

   [ring of see invisible]

   It affects your strength (+2).
   It insulates you from electricity.
   It lets you see invisible.
 A - an amulet of magic regeneration (around neck)
 C - a +3 ring of dexterity (right hand)
Scrolls
 i - a scroll of remove curse
Potions
 e - 5 potions of curing
 f - a potion of brilliance {unknown}
 h - 2 potions of magic
 l - a potion of cancellation {unknown}
 p - a potion of ambrosia {unknown}
 r - a potion of beneficial mutation {unknown}
 u - a potion of flight {unknown}
 x - 2 potions of might
Books
 c - a book of Maledictions

   Spells                             Type                      Level
   a - Corona                         Hexes                        1
   b - Ensorcelled Hibernation        Hexes/Ice                    2
   c - Confuse                        Hexes                        3
   d - Tukima's Dance                 Hexes                        3
   e - Dazzling Spray                 Conjuration/Hexes            3
 v - a book of Misfortune

   Spells                             Type                      Level
   a - Confusing Touch                Hexes                        1
   b - Confuse                        Hexes                        3
   c - Gell's Gravitas                Hexes/Translocation          3
   d - Petrify                        Transmutation/Earth          4
   e - Metabolic Englaciation         Hexes/Ice                    5
   f - Yara's Violent Unravelling     Hexes/Transmutation          5
Comestibles
 d - 3 bread rations


   Skills:
 + Level 6.0(5.7) Short Blades
 + Level 13.5(13.0) Dodging
 O Level 27(26.3) Stealth
 + Level 0.5(0.2) Shields
 + Level 16.5(16.0) Spellcasting
 + Level 1.2(0.9) Conjurations
 + Level 18.9(18.3) Hexes
 + Level 6.9(6.5) Ice Magic
 + Level 2.6(2.2) Invocations


You had 18 spell levels left.
You knew the following spells:

 Your Spells              Type           Power        Failure   Level  Hunger
a - Corona                Hex            ######.      0%          1    None
b - Ensorcelled Hibernat  Hex/Ice        ######       1%          2    None
c - Confuse               Hex            ######..     0%          3    None
d - Tukima's Dance        Hex            ######..     0%          3    None
e - Dazzling Spray        Conj/Hex       #####.       1%          3    None
f - Confusing Touch       Hex            ######       0%          1    None
g - Gell's Gravitas       Hex/Tloc       #####.....   1%          3    None
h - Metabolic Englaciati  Hex/Ice        ######....   1%          5    ###....
i - Yara's Violent Unrav  Hex/Tmut       #####.....   6%          5    ###....


Dungeon Overview and Level Annotations

Branches:
Dungeon (1/1)

Altars:
Cheibriados
Dithmenos
Elyvilon
Fedhas
Gozag
Hepliaklqana
Kikubaaqudgha
Makhleb
Nemelex Xobeh
Okawaru
Qazlal
Ru
Sif Muna
Trog
Uskayaw
Vehumet
Xom
Yredelemnul
Zin
The Shining One
Jiyva
Lugonu

Shops:
D ***[[!}::((?%?*??*=[*


Innate Abilities, Weirdness & Mutations

You are tiny and cannot use many weapons and most armour.
You have supernaturally acute eyesight. (SInv)
You are a herbivore.
You cover ground extremely quickly.
You need consume almost no food.
Your body sometimes deteriorates upon taking damage.
You expend magic power (3 MP) to strengthen your wands.


Message History

Aiming: Confuse
Press: ? - help, Shift-Dir - straight line, f/p - shadow dragon
Aim: a shadow dragon (umbra, chance to defeat MR: 7%)
The shadow dragon resists with almost no effort.
Your shadow mimicks your spell!
The shadow dragon resists with almost no effort.
The shadow dragon breathes negative energy at you.
The bolt of negative energy misses you.
Casting: Confuse
Confirm with . or Enter, or press ? or * to list all spells.
Aiming: Confuse
Press: ? - help, Shift-Dir - straight line, f/p - shadow dragon
Aim: a shadow dragon (catching its breath, umbra, chance to defeat MR: 7%)
The shadow dragon resists with almost no effort.
Your shadow mimicks your spell!
The shadow dragon resists with almost no effort.
The shadow dragon bites you!
* * * LOW HITPOINT WARNING * * *
You feel drained.
You die...

##.##...#..≈##.^§§§§..##
##..#+###..≈#.^.§.§§§..#
###...# ≈m.##...§§§§...##
#$###.#M≈y.#....§§)§.§..#
.$$$#.###..#.....:..§.§.#
$$$$#.# '.y##....^..§..##
$####+# #$$$$$$$§$$#
##....# ##$$$$$$$$##
...#### ##D@$(?!## .##
########


You could see a shadow dragon.

Vanquished Creatures
  A golden dragon (D)
  A lorocyproca (D)
  A hydra (D)
  2 centaur warriors (D)
  Sonja (D)
  A deep troll (D)
  7 unseen horrors (D)
  A lindwurm (D)
  An oklob plant (D)
  8 shining eyes (D)
  A siren (D)
  A gargoyle (D)
  2 kobold demonologists (D)
  4 demonic crawlers (D)
  A hellwing (D)
  A slime creature (D)
  2 redbacks (D)
  Sigmund (D)
  A yak (D)
  13 hogs (D)
  7 giant eyeballs (D)
  2 wasps (D)
  7 necrophages (D)
  An ogre (D)
  8 jellies (D)
  Ijyb (D)
  A giant spore (D)
78 creatures vanquished.

Vanquished Creatures (others)
  the Lernaean hydra (D)
  A deep elf master archer (D)
  A gargoyle (D)
  2 wasps (D)
  A giant spore (D)
6 creatures vanquished.

Grand Total: 84 creatures vanquished

Notes
Turn   | Place    | Note
-------+----------+-------------------------------------------
     0 | D        | poirepourri the Spriggan Enchanter began the quest for the Orb.
     0 | D        | Reached XP level 1. HP: 9/9 MP: 5/5
     3 | D        | Noticed Ijyb
    11 | D        | Killed Ijyb
    11 | D        | Reached skill level 6 in Stealth
    11 | D        | Reached skill level 5 in Hexes
    11 | D        | Reached XP level 2. HP: 3/13 MP: 5/7
   145 | D        | Learned a level 2 spell: Ensorcelled Hibernation
   263 | D        | Noticed an ogre
   265 | D        | Killed an ogre
   265 | D        | Reached skill level 9 in Stealth
   265 | D        | Reached XP level 3. HP: 16/16 MP: 8/10
   265 | D        | Reached XP level 4. HP: 21/21 MP: 8/11
   277 | D        | Noticed Sigmund
   280 | D        | Killed Sigmund
   280 | D        | Reached skill level 12 in Stealth
   280 | D        | Reached skill level 5 in Spellcasting
   280 | D        | Reached skill level 10 in Hexes
   280 | D        | Reached XP level 5. HP: 24/24 MP: 10/14
   280 | D        | Reached XP level 6. HP: 28/28 MP: 10/15
   372 | D        | Found a deep blue altar of Sif Muna.
   374 | D        | Found a radiant altar of Vehumet.
   417 | D        | Found a burning altar of Makhleb.
   417 | D        | Found a viscous altar of Jiyva.
   417 | D        | Found a shimmering altar of Xom.
   417 | D        | Found a corrupted altar of Lugonu.
   417 | D        | Noticed a slime creature
   439 | D        | Killed a slime creature
   439 | D        | Reached skill level 13 in Stealth
   542 | D        | Learned a level 3 spell: Confuse
   546 | D        | Learned a level 3 spell: Tukima's Dance
   550 | D        | Learned a level 3 spell: Dazzling Spray
   588 | D        | Found Zocetso's Armour Emporium.
   588 | D        | Found an ancient bone altar of Kikubaaqudgha.
   588 | D        | Found a hazy altar of Hepliaklqana.
   588 | D        | Found a stormy altar of Qazlal.
   588 | D        | Found a hide-covered altar of Uskayaw.
   588 | D        | Found a blossoming altar of Fedhas.
   588 | D        | Found a bloodstained altar of Trog.
   588 | D        | Found an iron altar of Okawaru.
   588 | D        | Found a basalt altar of Yredelemnul.
   588 | D        | Found a glowing golden altar of the Shining One.
   588 | D        | Found a snail-covered altar of Cheibriados.
   588 | D        | Found a sacrificial altar of Ru.
   588 | D        | Found a glowing silver altar of Zin.
   588 | D        | Found a shadowy altar of Dithmenos.
   588 | D        | Found a white marble altar of Elyvilon.
   588 | D        | Noticed a yak
   589 | D        | Found an opulent altar of Gozag.
   590 | D        | Killed a yak
   590 | D        | Reached skill level 14 in Stealth
   590 | D        | Reached XP level 7. HP: 32/32 MP: 18/18
   591 | D        | Found a sparkling altar of Nemelex Xobeh.
   599 | D        | Became a worshipper of Dithmenos the Shadowed
   604 | D        | Bought a +2 robe for 177 gold pieces
   627 | D        | Noticed Sonja
   631 | D        | Killed Sonja
   631 | D        | Reached skill level 16 in Stealth
   631 | D        | Reached XP level 8. HP: 36/36 MP: 19/21
   648 | D        | Noticed a deep troll
   652 | D        | Killed a deep troll
   652 | D        | Reached skill level 18 in Stealth
   706 | D        | Found Iraul's Armour Emporium.
   734 | D        | Found Qerej's Assorted Antiques.
   742 | D        | Bought a runed cloak for 130 gold pieces
   742 | D        | Bought a glowing pink potion for 26 gold pieces
   794 | D        | Noticed a centaur warrior
   795 | D        | Noticed a centaur warrior
   797 | D        | Killed a centaur warrior
   797 | D        | Reached * piety under Dithmenos
   797 | D        | Reached skill level 10 in Dodging
   797 | D        | Reached skill level 19 in Stealth
   797 | D        | Reached XP level 9. HP: 39/39 MP: 23/23
   799 | D        | Killed a centaur warrior
   799 | D        | Reached skill level 20 in Stealth
   799 | D        | Reached skill level 10 in Spellcasting
   827 | D        | Noticed an oklob plant
   829 | D        | Killed an oklob plant
   829 | D        | Reached ** piety under Dithmenos
   829 | D        | Reached skill level 21 in Stealth
   829 | D        | Reached skill level 15 in Hexes
   859 | D        | Noticed an unseen horror
   859 | D        | Noticed an unseen horror
   865 | D        | Killed an unseen horror
   865 | D        | Reached skill level 22 in Stealth
   865 | D        | Reached skill level 1 in Ice Magic
   865 | D        | Reached XP level 10. HP: 44/44 MP: 25/25
   867 | D        | Killed an unseen horror
   867 | D        | Reached *** piety under Dithmenos
   889 | D        | HP: 1/44 [acid (11)]
   942 | D        | Reached **** piety under Dithmenos
   955 | D        | Found Gohoa's General Store.
   958 | D        | Found Feogaj's Jewellery Emporium.
   997 | D        | Reached skill level 23 in Stealth
  1006 | D        | Reached ***** piety under Dithmenos
  1064 | D        | Found Nacexip's Assorted Antiques.
  1108 | D        | Found Utoczi's Book Shoppe.
  1108 | D        | Found Loseir's Gadget Shop.
  1108 | D        | Found Mewosouf's Book Boutique.
  1110 | D        | Found Ithri's Weapon Emporium.
  1110 | D        | Found Ozyoca's Weapon Shop.
  1110 | D        | Found Edynnal's Magic Scroll Shoppe.
  1110 | D        | Found Cutal's Food Boutique.
  1110 | D        | Found Enulic's Magic Scroll Emporium.
  1110 | D        | Found Taxit's General Store.
  1110 | D        | Found Kuseyrch's Magic Scroll Shoppe.
  1113 | D        | Bought a book of Misfortune for 240 gold pieces
  1113 | D        | Found Wuukk's Magic Scroll Boutique.
  1125 | D        | Bought a bread ration for 50 gold pieces
  1125 | D        | Bought a bread ration for 50 gold pieces
  1125 | D        | Bought a bread ration for 50 gold pieces
  1132 | D        | Bought a potion of heal wounds for 120 gold pieces
  1132 | D        | Bought 2 coppery potions for 43 gold pieces
  1134 | D        | Bought the ring "Onaetu" {rElec Str+2 SInv} for 431 gold pieces
  1620 | D        | Reached ****** piety under Dithmenos
  1620 | D        | Reached skill level 24 in Stealth
  1642 | D        | Noticed a lindwurm
  1645 | D        | Killed a lindwurm
  1645 | D        | Reached skill level 25 in Stealth
  1645 | D        | Reached XP level 11. HP: 47/47 MP: 27/27
  1676 | D        | Reached skill level 26 in Stealth
  1760 | D        | Noticed a 12-headed hydra
  1762 | D        | Killed a 12-headed hydra
  2054 | D        | Noticed a daeva
  2058 | D        | Noticed an unseen horror
  2058 | D        | Noticed an unseen horror
  2058 | D        | Noticed an unseen horror
  2058 | D        | Noticed an unseen horror
  2060 | D        | Killed an unseen horror
  2062 | D        | Killed an unseen horror
  2063 | D        | Noticed an unseen horror
  2064 | D        | Killed an unseen horror
  2064 | D        | Reached skill level 27 in Stealth
  2066 | D        | Killed an unseen horror
  2066 | D        | Reached skill level 5 in Ice Magic
  2068 | D        | Killed an unseen horror
  2073 | D        | Learned a level 1 spell: Confusing Touch
  2301 | D        | Noticed a fire giant
  2394 | D        | Learned a level 3 spell: Gell's Gravitas
  2400 | D        | Learned a level 5 spell: Metabolic Englaciation
  2406 | D        | Learned a level 5 spell: Yara's Violent Unravelling
  2423 | D        | Noticed a shining eye
  2423 | D        | Noticed a shining eye
  2423 | D        | Noticed a shining eye
  2423 | D        | Noticed a shining eye
  2423 | D        | Noticed a shining eye
  2423 | D        | Noticed a shining eye
  2425 | D        | Noticed a shining eye
  2425 | D        | Noticed a shining eye
  2430 | D        | Paralysed by a giant eyeball for 3 turns
  2453 | D        | Gained mutation: You expend magic power (3 MP) to strengthen your wands. [a shining eye]
  2454 | D        | Killed a shining eye
  2463 | D        | Killed a shining eye
  2470 | D        | Paralysed by a giant eyeball for 2 turns
  2471 | D        | Gained mutation: Your body sometimes deteriorates upon taking damage. [a shining eye]
  2473 | D        | Killed a shining eye
  2542 | D        | Killed a shining eye
  2543 | D        | Killed a shining eye
  2543 | D        | Reached XP level 12. HP: 51/51 MP: 26/31
  2546 | D        | Reached skill level 1 in Invocations
  2548 | D        | Paralysed by a giant eyeball for 3 turns
  2553 | D        | Reached skill level 5 in Short Blades
  2555 | D        | Paralysed by a giant eyeball for 4 turns
  2566 | D        | Reached skill level 15 in Spellcasting
  2570 | D        | Found Vuojy's Assorted Antiques.
  2570 | D        | Found Gylalemas's Distillery.
  2570 | D        | Found Usixoen's Assorted Antiques.
  2667 | D        | Found Oritel's Antique Armour Shop.
  2682 | D        | Bought a scroll of identify for 54 gold pieces
  2691 | D        | Bought a potion of heal wounds for 70 gold pieces
  2693 | D        | Bought a runed buckler for 94 gold pieces
  2693 | D        | Bought a dull robe for 119 gold pieces
  2728 | D        | Identified the +1 robe of Qasudd {rPois} (You bought it in a shop in the Dungeon)
  2756 | D        | Killed a deep elf master archer
  2905 | D        | Bought a +3 ring of dexterity for 204 gold pieces
  2911 | D        | Bought a scroll of remove curse for 30 gold pieces
  2911 | D        | Bought a scroll of remove curse for 30 gold pieces
  2982 | D        | Noticed a lorocyproca
  2987 | D        | Killed a lorocyproca
  3387 | D        | Killed the 27-headed Lernaean hydra
  3606 | D        | Noticed a deep elf annihilator
  3610 | D        | Noticed a mummy priest
  3611 | D        | Reached skill level 1 in Conjurations
  3773 | D        | HP: 1/51 [something (6)]
  3780 | D        | Noticed a golden dragon
  3783 | D        | Noticed a shadow dragon
  3786 | D        | Killed a golden dragon
  3795 | D        | Slain by a shadow dragon

Vault maps used:
D:        dungeon_sprint_1

Skill      XL: |  1  2  3  4  5  6  7  8  9 10 11 12 |
---------------+-------------------------------------+-----
Dodging        | 4 6 8 9 10 11 12 13 | 13.5
Stealth        | 6 9 12 14 16 19 22 25 27 | 27.0
Spellcasting   | 3 4 5 7 8 9 10 11 14 16 | 16.5
Hexes          | 5 7 10 11 12 14 15 16 17 18 | 18.9
Short Blades   | 2 3 4 6 |  6.0
Ice Magic      | 1 2 6 |  6.9
Invocations    | 2 |  2.6
Conjurations   | 1 |  1.2
Shields        | |  0.5

Action                   |  1- 3 |  4- 6 |  7- 9 | 10-12 || total
-------------------------+-------+-------+-------+-------++-------
Melee: Dagger            |     7 |     5 |     9 |    94 ||   115
 Cast: Ensorcelled Hiber |       |     4 |       |    26 ||    30
       Confuse           |       |       |       |    15 ||    15
       Dazzling Spray    |       |       |       |     5 ||     5
Invok: Shadow Step       |       |       |       |     4 ||     4
  Use: Scroll            |       |       |       |     6 ||     6
       Potion            |       |       |       |     6 ||     6
 Stab: Sleeping          |     2 |     4 |     9 |    52 ||    67
       Confused          |       |       |       |     4 ||     4
       Distracted        |       |       |       |     1 ||     1
  Eat: Bread ration      |       |       |       |     1 ||     1
Armor: Robe              |       |       |       |     6 ||     6
Dodge: Dodged            |     3 |     1 |       |    27 ||    31
Block: Buckler           |       |       |       |     4 ||     4
